Map: Abyssal Reef LE

Players

Avokado

  • Race: Terran Terran
  • Spawn Location: 11:00

MaNa - Winner!

  • Race: Protoss Protoss
  • Spawn Location: 5:00

Event: WCS Jonkoping 2017

VOD

Have the link to the VOD?

Description

Time

  • Played on: June 17, 2017, 11:42 a.m.
  • Length: 5:17

All games in this series

Show
View Real Time Build Order
Export as new Build Order

Avokado Terran 

Build Orders:  

Get SALT Encoding   

  12  0:00  SCV  
  13  0:12  SCV  
  14  0:17  Supply Depot  
  14  0:25  SCV  
  15  0:39  SCV  
  15  0:40  Barracks  
  16  0:45  Refinery  
  16  0:51  SCV  
  17  1:03  SCV  
  18  1:15  SCV  
  19  1:27  Marine, Orbital Command  
  20  1:40  Command Center  
  20  1:51  Factory  
  20  1:54  SCV  
  21  2:05  Barracks Reactor  
  21  2:07  SCV  
  22  2:11  Refinery  
  22  2:12  Supply Depot  
  22  2:19  SCV  
  23  2:33  SCV  
  24  2:40  Starport  
  24  2:41  Marine  
  24  2:42  Marine  
  26  2:46  SCV  
  27  2:53  Bunker  
  26  2:59  Marine x2  
  26  3:06  Cyclone  
  26  3:08  SCV  
  29  3:17  Marine  
  28  3:26  Marine  
  29  3:28  SCV  
  29  3:34  Medivac  
  32  3:35  Marine  
  32  3:45  SCV  
  30  3:53  Marine  
  30  4:00  Widow Mine  
  31  4:07  Orbital Command  
  30  4:11  Marine  
  30  4:12  SCV  
  32  4:17  Viking  
  27  4:39  Marine  
  27  4:42  SCV  
  27  4:44  SCV  
  30  4:47  Widow Mine  
  32  4:55  SCV  
  32  4:56  SCV  
Show
View Real Time Build Order
Export as new Build Order

MaNa Protoss - Winner!

Build Orders: Oracle Opening 

Get SALT Encoding   

  12  0:00  Probe (Chrono Boost)  
  13  0:11  Probe (Chrono Boost)  
  14  0:17  Pylon  
  14  0:22  Probe (Chrono Boost)  
  15  0:36  Probe (Chrono Boost), Gateway  
  16  0:43  Assimilator  
  16  0:46  Probe (Chrono Boost)  
  18  0:57  Probe (Chrono Boost)  
  18  0:58  Assimilator  
  18  1:07  Probe (Chrono Boost)  
  18  1:08  Pylon  
  19  1:18  Probe (Chrono Boost)  
  20  1:24  Cybernetics Core  
  20  1:26  Zealot (Chrono Boost)  
  20  1:31  Probe  
  23  1:43  Probe (Chrono Boost)  
  24  1:55  Probe (Chrono Boost)  
  24  1:59  Pylon  
  24  2:01  Warp Gate, Adept (Chrono Boost)  
  27  2:05  Mothership Core (Chrono Boost)  
  29  2:17  Stargate  
  29  2:26  Adept (Chrono Boost)  
  31  2:33  Gateway  
  31  2:49  Pylon  
  31  2:50  Pylon  
  31  3:01  Oracle (Chrono Boost)  
  33  3:08  Gateway  
  31  3:33  Oracle (Chrono Boost)  
  27  4:04  Void Ray (Chrono Boost)  
  27  4:05  Stalker x2, Adept  
  37  4:12  Pylon  
  37  4:33  Stalker  
  37  4:34  Stalker x2  
  43  4:45  Pylon  
  43  5:06  Adept x3  
Tags
 
Add a new tag
Caveats
  • Supply blocks, unpowered buildings, or Contaminate may cause inaccurate times.
  • Supply counts are checked every 10 seconds.